 Dungeon Crawl Stone Soup version 0.19.5 (webtiles) character file.

114 spiff the Stinger (level 4, -3/30 HPs)
             Began as a Mummy Venom Mage on Apr 5, 2017.
             Splashed by a jelly's acid (9 damage)
             ... on level 3 of the Dungeon.
             The game lasted 00:07:55 (3414 turns).

spiff the Stinger (Mummy Venom Mage)                Turns: 3414, Time: 00:07:55

Health: -3/30      AC: -2    Str: 11    XL:     4   Next: 66%
Magic:  4/8        EV: 12    Int: 15    God:
Gold:   94         SH:  0    Dex:  9    Spells: 2 memorised, 5 levels left

rFire  x . .     SeeInvis .     e - +2 dagger (venom)
rCold  + . .     Gourm    .     a - +0 robe
rNeg   + + +     Faith    .     (no shield)
rPois  ∞         Spirit   .     (no helmet)
rElec  .         Reflect  .     (no cloak)
rCorr  .         Harm     .     (no gloves)
MR     .....                    (no boots)
Stlth  +++.......               (no amulet)
                                d - ring of stealth
                                g - -3 ring of dexterity (curse)

@: corroded, very slightly contaminated
A: no food or potions, fire vulnerability, cold resistance 1, negative energy
resistance 3, torment resistance, unbreathing
a: no special abilities


You were on level 3 of the Dungeon.
You were not hungry.

You visited 1 branch of the dungeon, and saw 3 of its levels.

You collected 94 gold pieces.

Inventory:

Hand Weapons
 e - a +2 dagger of venom (weapon)
Armour
 a - a +0 robe (worn)
Jewellery
 d - a ring of stealth (right hand)
 g - a cursed -3 ring of dexterity (left hand)
Scrolls
 c - a scroll of amnesia
Books
 b - a Young Poisoner's Handbook

   Spells                             Type                      Level
   a - Sting                          Conjuration/Poison           1
   b - Mephitic Cloud                 Conjuration/Poison/Air       3
   c - Olgreb's Toxic Radiance        Poison                       4
   d - Alistair's Intoxication        Transmutation/Poison         5
   e - Venom Bolt                     Conjuration/Poison           5


   Skills:
 - Level 1.5 Dodging
 - Level 1.5 Stealth
 + Level 3.2 Spellcasting
 + Level 1.5 Conjurations
 + Level 4.0 Poison Magic


You had 5 spell levels left.
You knew the following spells:

 Your Spells              Type           Power        Failure   Level  Hunger
a - Sting                 Conj/Pois      ##..         8%          1    N/A
b - Mephitic Cloud        Conj/Pois/Air  #.......     30%         3    N/A

Dungeon Overview and Level Annotations

Branches:
Dungeon (3/15)

Altars:
Fedhas
Uskayaw
Xom
Zin


Innate Abilities, Weirdness & Mutations

You do not eat or drink.
Your flesh is vulnerable to fire.
You are immune to poison.
Your flesh is cold resistant. (rC+)
You are immune to negative energy. (rN+++)
You are immune to unholy pain and torment.
You can survive without breathing.


Message History

Aim: a jelly (moderately wounded)
The sting hits the jelly.
The jelly completely resists.
The jelly is moderately wounded.
The jelly completely misses you.
Casting: Sting
Confirm with . or Enter, or press ? or * to list all spells.
You can't see any susceptible monsters within range! (Use Z to cast anyway.)
Casting: Sting
Confirm with . or Enter, or press ? or * to list all spells.
Aiming: Sting
Press: ? - help, Shift-Dir - straight line, f/p - jelly
Aim: a jelly (moderately wounded)
You miscast Sting.
You are very lightly contaminated with residual magic.
You feel sick. The jelly hits you.
You are splashed with acid!
The acid burns!
* * * LOW HITPOINT WARNING * * *
The jelly hits you.
* * * LOW HITPOINT WARNING * * *
You are splashed with acid!
The acid burns!
You die...

≈≈≈≈.....≈≈≈≈# #....#
≈≈≈.......≈≈≈# #....#
≈≈....8....≈≈# #....#
≈...≈≈.≈≈...≈# #....#
≈...≈.[.≈...≈#########....#
...8..8..8..(.............#
≈...≈.).≈...≈#............#
≈...≈≈.≈≈...≈#.J..........#
≈≈....8.†..≈≈#..@.........#
≈≈≈.......≈≈≈#............####
≈≈≈≈.....≈≈≈≈#...............#
≈≈≈≈≈≈≈≈≈≈≈≈≈#...<...........#
##############...............#
#.# ##.##.##................#
#.# #.......................#
#.# #..................######
#.# #..%.....#............#


You could see a jelly.

Vanquished Creatures
  An orc wizard (D:3)
  2 adders
  A dart slug (D:3)
  A leopard gecko (D:3)
  4 orcs (D:3)
  5 bats
  2 giant cockroaches
  7 goblins
  5 hobgoblins
  7 jackals
  7 kobolds
  6 frilled lizards
  8 rats
56 creatures vanquished.

Notes
Turn   | Place    | Note
-------+----------+-------------------------------------------
     0 | D:1      | spiff the Mummy Venom Mage began the quest for the Orb.
     0 | D:1      | Reached XP level 1. HP: 13/13 MP: 3/3
   465 | D:1      | Reached XP level 2. HP: 19/19 MP: 3/5
  1414 | D:2      | Reached XP level 3. HP: 24/24 MP: 4/7
  2123 | D:2      | Found a hide-covered altar of Uskayaw.
  2126 | D:2      | Found a shimmering altar of Xom.
  2126 | D:2      | Found a blossoming altar of Fedhas.
  2303 | D:2      | Reached skill level 1 in Conjurations
  2739 | D:3      | Learned a level 3 spell: Mephitic Cloud
  2833 | D:3      | Found a glowing silver altar of Zin.
  3041 | D:3      | Reached XP level 4. HP: 30/30 MP: 4/8
  3086 | D:3      | Reached skill level 4 in Poison Magic
  3414 | D:3      | Splashed by a jelly's acid

Skill      XL: |  1  2  3  4 |
---------------+-------------+-----
Conjurations   | 1 |  1.5
Spellcasting   | 3 |  3.2
Poison Magic   | 4 |  4.0
Dodging        | |  1.5
Stealth        | |  1.5

Action                   |  1- 3 |  4- 6 || total
-------------------------+-------+-------++-------
Melee: Unarmed           |    12 |       ||    12
       Dagger            |    23 |     6 ||    29
 Cast: Sting             |    93 |    15 ||   108
  Use: Scroll            |     4 |     4 ||     8
Armor: Robe              |    30 |       ||    30
Dodge: Dodged            |    41 |    10 ||    51
